[Event "IX Famalicao Open 2022"]
[Site "Vila Nova de Famalicao"]
[Date "2022.07.28"]
[Round "7.7"]
[White "Paulino, Jose"]
[Black "Dias, Ivo Rodrigues"]
[Result "0-1"]
[ECO "B58"]
[WhiteElo "2032"]
[BlackElo "2133"]
[Annotator "TA"]
[PlyCount "124"]
[EventDate "2022.07.25"]
[EventType "tourn"]
[EventCountry "POR"]
[SourceTitle "playchess.com"]
[Source "ChessBase"]
[SourceQuality "1"]
[TimeControl "5400+30"]

1. e4 c5 2. Nf3 d6 3. d4 cxd4 4. Nxd4 Nf6 5. Nc3 Nc6 6. Be2 e5 7. Nxc6 bxc6 8. O-O Be7 9. Bg5 O-O {B58: Classical Sicilian: 6 Be2.} 10. Qd2 Be6 {[#]} 11. Rfe1 $146 ({Predecessor:} 11. Rad1 Rb8 12. Bxf6 gxf6 13. b3 f5 14. f4 Qa5 15. fxe5 Qxe5 16. exf5 Bxf5 17. Bd3 Qd4+ 18. Kh1 Bxd3 19. Qxd3 Qxd3 20. Rxd3 d5 {½-½ (20) Liska,J (1885)-Kerdik,A (1978) Banska Stiavnica 2015}) 11... h6 {Black is slightly better.} 12. Bh4 (12. Bxf6 $5 Bxf6 13. Rad1 $15) 12... Qb8 (12... Rb8 $15) 13. Qd3 (13. b3 $11) 13... Rd8 $15 (13... Qxb2 $2 14. Rab1 Qa3 15. Nd5 $1 Qxd3 16. Nxe7+ Kh7 17. Bxd3 $18) 14. b3 d5 15. exd5 cxd5 16. Bg3 e4 (16... d4 $1 $17 17. Ne4 Nd5) 17. Qd2 Qb6 18. Na4 Qc6 19. c3 Nd7 20. f3 Bf6 (20... Nb6 $17 21. Nxb6 axb6) 21. fxe4 (21. Bf2 $15) 21... dxe4 $17 22. Qc2 Nc5 23. Nb2 Rac8 24. Rad1 {Prevents Nd3.} Bf5 25. Rxd8+ (25. Bc4 $17 {might work better.}) 25... Rxd8 $19 ({Stronger than} 25... Bxd8 26. Rf1 Bg6 27. Bg4 $17) 26. Rd1 Rxd1+ ({Black should play} 26... Nd3 $1 27. Na4 (27. Nxd3 $2 exd3 28. Rxd3 Bxd3 $19) 27... Qd7) 27. Nxd1 (27. Qxd1 $142 Bxc3 28. Bf2) 27... Nd3 $1 $17 28. Bxd3 exd3 29. Qd2 Qe4 30. Bf4 {Against Bg5} (30. Bf2 $17 {is a better defense.}) 30... Qe2 $19 {aiming for ...Bh4.} 31. h3 $2 (31. Nb2) 31... Be4 $2 (31... Bh4 32. Nb2 Bf2+ 33. Kh2 Be1) 32. Nf2 {[#]} Bf5 (32... Bd8 $1 $19 {Strongly threatening ...f5.} 33. Qxe2 dxe2) 33. Qxe2 (33. Nd1 $1 $11 {keeps the balance.}) 33... dxe2 $11 {[%mdl 4096] Endgame KBB-KBN} 34. Bd2 Bg5 35. Be1 Be3 36. g4 Bb1 {0x0.00207be8dfd5dp-1022s more active pieces.} 37. a3 Bc1 (37... Ba2 $17 38. Kg2 Bxb3) 38. Kg2 Bxa3 39. Kf3 Bc2 {This bishop pair is nice.} 40. b4 Bd1 41. Nd3 Kf8 42. Nf4 Bc1 43. Nxe2 Bg5 44. Bf2 a6 45. Be3 Bh4 46. Bf2 Bf6 47. Bd4 Bxd4 48. cxd4 {KB-KN} Ke7 49. Ke3 Bxe2 50. Kxe2 {KP-KP} Kd6 (50... Ke6 $5 51. Kd3 g6 $11) 51. h4 Kd5 52. Ke3 {[%mdl 8192] [#]} (52. Kd3 $1 $11 {and White has nothing to worry.}) 52... Kc4 $1 $19 53. Ke4 Kxb4 54. Kd5 Kb5 (54... a5 $19 55. Kc6 a4) 55. Kd6 $1 $11 {The position is equal.} a5 {Threatens to win with ...a4.} 56. d5 $1 a4 {...a3 is the strong threat.} 57. Ke7 {Black must now prevent d6.} a3 (57... Kc4 $5 58. d6 a3 $18) 58. d6 {And now d7 would win.} a2 59. d7 a1=Q 60. d8=Q Qf6+ 61. Ke8 {Hoping for Qxf6.} Qxd8+ 62. Kxd8 h5 {[%mdl 32768] Weighted Error Value: White=0.44/Black=0.39. Loss on time!?} 0-1

[Event "IX Famalicao Open 2022"]
[Site "Vila Nova de Famalicao"]
[Date "2022.07.28"]
[Round "7.8"]
[White "Spraggett, Kevin"]
[Black "Anishka Vikram"]
[Result "1-0"]
[ECO "A14"]
[WhiteElo "2487"]
[BlackElo "1871"]
[Annotator "TA"]
[PlyCount "81"]
[EventDate "2022.07.25"]
[EventType "tourn"]
[EventCountry "POR"]
[SourceTitle "playchess.com"]
[Source "ChessBase"]
[SourceQuality "1"]
[TimeControl "5400+30"]

1. c4 e6 2. Nf3 Nf6 3. g3 Be7 4. Bg2 d5 5. O-O O-O 6. b3 b6 7. Bb2 c6 8. e3 {A14: English Opening: 1...e6 with b3 by White.} Nbd7 9. d3 Bb7 10. Qe2 {The position is equal.} c5 11. Nc3 Rc8 12. Rfd1 Re8 13. Rac1 {[#]} Bf8 $146 ({Predecessor:} 13... Qc7 14. cxd5 Nxd5 15. d4 Nxc3 16. Bxc3 cxd4 17. Bb2 Qb8 18. Nxd4 Bxg2 19. Kxg2 Bf6 {½-½ (19) Pribyl,J (2430)-Virovlansky,S (2380) Decin 1998}) 14. Rc2 Ba8 15. e4 (15. cxd5 $11 exd5 16. d4) 15... d4 $15 16. Nb1 Qc7 17. Bh3 Qc6 ({Black should play} 17... Rcd8 $15) 18. Nbd2 e5 19. Bc1 Rcd8 20. Re1 Bb7 21. Nh4 Qc7 22. Rf1 Nb8 23. Rb2 Bc8 24. Bxc8 Qxc8 25. Ndf3 g6 26. Kh1 Nc6 27. Ng1 Bg7 28. a3 Rf8 (28... Qa6 $15) 29. b4 Qc7 30. f4 Rb8 (30... exf4 $11 31. gxf4 Rfe8) 31. b5 $16 Ne7 32. f5 (32. Ngf3 $16) 32... Qd6 {[#]} ({Better is} 32... a6 $14) 33. g4 $1 $18 h6 {[#]} (33... Nd7 $16 34. g5 Nc8) 34. g5 $1 hxg5 35. Bxg5 Nd7 $2 (35... Rb7 {was worth a try.} 36. Ngf3 Nh5) 36. fxg6 Nxg6 (36... fxg6 $142 37. Bxe7 Qxe7) 37. Nf5 Qe6 38. Qh5 Bh8 39. Rg2 {White wants to mate with Nh6+.} Rfe8 40. Nh6+ Kg7 41. Rxf7+ {Weighted Error Value: White=0.14 (very precise) /Black=0.53} (41. Nxf7 $142 Kg8 42. Bh6 Ndf8 43. Bxf8 Kxf8 44. Rxg6 Qxg6 45. Qxg6 Rb7 46. Nd6+ Bf6 47. Rxf6+ Ke7 48. Qf7+ Kd8 49. Qxe8+ Kc7 50. Qc8#) 1-0

[Event "IX Famalicao Open 2022"]
[Site "Vila Nova de Famalicao"]
[Date "2022.07.28"]
[Round "7.9"]
[White "Ribeiro, Gustavo"]
[Black "Dias, Paulo"]
[Result "0-1"]
[ECO "A06"]
[WhiteElo "1857"]
[BlackElo "2348"]
[Annotator "TA"]
[PlyCount "60"]
[EventDate "2022.07.25"]
[EventType "tourn"]
[EventCountry "POR"]
[SourceTitle "playchess.com"]
[Source "ChessBase"]
[SourceQuality "1"]
[TimeControl "5400+30"]

1. Nf3 d5 2. e3 Nf6 3. c4 g6 4. b3 Bg7 5. Bb2 c6 6. Nc3 O-O 7. d4 Bf5 {[%emt 0:01:32] A11: English Opening: 1...c6.} 8. Nh4 {[%emt 0:00:57] [#]} Be6 $146 ({Predecessor:} 8... Bc8 9. Be2 Nbd7 10. Nf3 Re8 11. O-O Nb6 12. Ne5 Nfd7 13. Nxf7 Kxf7 14. c5 e5 15. cxb6 axb6 16. dxe5 Nxe5 17. Qd2 Bf5 18. Rfd1 Qe7 19. Na4 {1-0 (40) Helmer,C (2207)-Hagenbeck Huebert,B (1749) Playchess.com INT 2020}) 9. Bd3 c5 {[%emt 0:03:17] Black has an edge.} 10. Nf3 Nc6 11. Ne2 dxc4 12. bxc4 cxd4 13. exd4 {[%emt 0:00:36] [#]} (13. Nexd4 $15 Qa5+ 14. Qd2) 13... Bg4 $1 $17 14. d5 Bxf3 15. gxf3 Nb4 16. Bc3 Nxd3+ 17. Qxd3 Rc8 18. O-O Qc7 19. Bxf6 Bxf6 20. Rac1 b6 21. Ng3 Qf4 22. Qe4 Qh6 23. Rc2 Rc5 24. Rb1 Rfc8 25. Rb5 R5c7 26. Rb4 (26. a4 $15) 26... Qg5 27. f4 Qg4 28. Kg2 Kg7 {[%emt 0:12:14] Black is more active.} 29. Qd3 (29. Rb1 $17 {was necessary.}) 29... Rc5 (29... Qxf4 $19 {is more deadly. aiming for ...Be5.} 30. Qe4 Qd6) 30. f3 (30. f5 $17) 30... Rxd5 $4 {[%emt 0:00:56][%mdl 40960] Weighted Error Value: White=0.23 (precise) /Black=0.13 (very precise) . Loss on time!?} 0-1

[Event "IX Famalicao Open 2022"]
[Site "Vila Nova de Famalicao"]
[Date "2022.07.28"]
[Round "7.10"]
[White "Borges, Guilherme Deola"]
[Black "Perez Estevez, Sergio"]
[Result "1-0"]
[ECO "D25"]
[WhiteElo "2185"]
[BlackElo "1765"]
[Annotator "TA"]
[PlyCount "31"]
[EventDate "2022.07.25"]
[EventType "tourn"]
[EventCountry "POR"]
[SourceTitle "playchess.com"]
[Source "ChessBase"]
[SourceQuality "1"]
[TimeControl "5400+30"]

1. d4 d5 2. c4 dxc4 3. Nf3 Nf6 4. e3 b5 5. a4 c6 6. b3 {[%emt 0:00:30] D25: Queen's Gambit Accepted: 4 e3: sidelines and 4...Bg4.} e6 7. bxc4 bxc4 8. Bxc4 {[%emt 0:01:51] The position is equal.} Bb4+ 9. Bd2 {[%emt 0:03:02] [#]} Bxd2+ $146 (9... c5 $11) ({Predecessor:} 9... c5 10. Bxb4 cxb4 11. a5 O-O 12. O-O Nc6 13. Qa4 Bd7 14. Bb5 Qe8 15. Nbd2 Rb8 {1-0 (48) Bocharov,D (2517)-Demchenko,A (2655) Chess.com INT 2021}) 10. Nbxd2 $14 O-O 11. O-O Nbd7 12. Ne5 Bb7 13. f4 ({Better is} 13. Nxd7 $14 Nxd7 14. Bd3) 13... c5 $11 14. f5 Nxe5 15. dxe5 Nd5 (15... Ng4 $11 16. fxe6 (16. Qxg4 Qxd2 17. fxe6 Qxe3+ 18. Kh1 fxe6 $11) 16... Nxe5) 16. Ra3 {[%emt 0:06:19][%mdl 32768] Weighted Error Value: White=0.19 (very precise) /Black=0.23 (precise) . Loss on time!?} 1-0

[Event "IX Famalicao Open 2022"]
[Site "Vila Nova de Famalicao"]
[Date "2022.07.28"]
[Round "7.11"]
[White "Goncalves, Lucas Jordao"]
[Black "Akshit Kumar J"]
[Result "1-0"]
[ECO "B90"]
[WhiteElo "1813"]
[BlackElo "2103"]
[Annotator "TA"]
[PlyCount "63"]
[EventDate "2022.07.25"]
[EventType "tourn"]
[EventCountry "POR"]
[SourceTitle "playchess.com"]
[Source "ChessBase"]
[SourceQuality "1"]
[TimeControl "5400+30"]

1. e4 c5 2. Nf3 d6 3. d4 cxd4 4. Nxd4 Nf6 5. Nc3 a6 6. Be3 g6 7. Be2 Bg7 8. f3 Nbd7 {B70: Sicilian Dragon: 6 g3 and 6 Be2 (without a later Be3).} (8... O-O $11) 9. Qd2 {White is more active.} h5 10. h4 b5 {The position is equal.} 11. a3 (11. a4 $5 ) 11... Bb7 12. O-O-O Rc8 13. Kb1 Ne5 14. Bg5 Qb6 15. Be3 Qc7 16. Bg5 Qb6 {[#]} 17. f4 $146 (17. Qe3 $11 {remains equal.}) ({Predecessor:} 17. Rhe1 O-O 18. Bh6 Bxh6 19. Qxh6 b4 20. axb4 Qxb4 21. Nb3 Rxc3 22. bxc3 Qxc3 23. Qd2 Qc7 24. Qa5 {0-1 (39) Li,B (2237)-Izoria,Z (2604) Las Vegas 2016}) 17... Nc4 $17 18. Bxc4 Rxc4 19. e5 {[#]} O-O $1 20. exf6 (20. Rhe1 dxe5) 20... exf6 21. Nde2 fxg5 $19 22. hxg5 $2 (22. Qxd6 Qxd6 23. Rxd6) 22... Bxg2 {A strong pair of Bishops.} (22... b4 $142 23. axb4 Rxb4) 23. Rh2 $2 (23. Nd5 {only move.} Qc5 24. Ne7+ Kh8 25. Ng3 Bxh1 26. Rxh1) 23... Bf3 (23... b4 $142 24. axb4 {[#]} Rxb4 $1) 24. Nd5 Qc5 25. Ne7+ Kh7 {...Re8 is the strong threat.} 26. f5 $2 (26. Rh3 Be4 27. Nc3 Bxc3 28. Rxc3) 26... Qe5 {[%csl Gg7][%cal Re5b2] Black is clearly winning.} 27. f6 Qxh2 28. Re1 Bh8 {Hoping for ...Re4.} 29. Qe3 Be4 30. Nc3 Bxc2+ 31. Ka2 Qf4 {Threatens to win with ...Qxe3.} 32. Ned5 {[%mdl 32768] Weighted Error Value: White=0.70/Black=0.29 (precise) . Loss on time!?} 1-0

[Event "IX Famalicao Open 2022"]
[Site "Vila Nova de Famalicao"]
[Date "2022.07.28"]
[Round "7.12"]
[White "Suarez Rozas, David"]
[Black "Romano, Joao"]
[Result "1/2-1/2"]
[ECO "B23"]
[WhiteElo "1772"]
[BlackElo "2029"]
[Annotator "TA"]
[PlyCount "96"]
[EventDate "2022.07.25"]
[EventType "tourn"]
[EventCountry "POR"]
[SourceTitle "playchess.com"]
[Source "ChessBase"]
[SourceQuality "1"]
[TimeControl "5400+30"]

1. e4 c5 2. Nc3 e6 3. Nge2 a6 4. a4 b6 5. g3 Bb7 6. Bg2 {[%emt 0:00:11] B23: Closed Sicilian: Lines without g3.} Nf6 7. O-O d5 8. exd5 {[%emt 0:06:32] White is slightly better.} Nxd5 9. Nxd5 (9. Nf4 $5 Nxc3 10. dxc3 Bxg2 11. Nxg2 $14 (11. Qxd8+ Kxd8 12. Kxg2 Nc6 $11)) 9... Bxd5 {[%emt 0:00:15] [#]} 10. Nc3 $146 ({Predecessor:} 10. d4 Bxg2 11. Kxg2 Qd5+ 12. Kg1 cxd4 13. Qxd4 Qxd4 14. Nxd4 Nd7 15. Be3 Rc8 16. Rac1 {0-1 (55) Sadykov,R (2345)-Gareyev,T (2573) Chess.com INT 2022}) 10... Bxg2 11. Kxg2 Nc6 12. d3 Be7 13. Be3 O-O 14. f4 Qd7 15. g4 ({White should play} 15. Bf2 $15) 15... f5 $17 16. g5 e5 17. Qf3 Rad8 18. a5 ({Better is} 18. Kh1) 18... b5 (18... bxa5 19. Kh1 $15) 19. Qf2 exf4 20. Bxf4 Nd4 21. Rae1 Rde8 ({Weaker is} 21... b4 22. Nd1 $17) 22. Re5 b4 23. Nd5 $2 {[%emt 0:03:51] [#]} (23. Ne2 $17) 23... Bxg5 $1 $19 {[%emt 0:02:11][%cal Be7g5,Bg5f4,Bf4d6][%mdl 544] Threatens to win with ...Rxe5.} 24. Rfe1 Rxe5 25. Rxe5 Nc6 ({Don't blunder} 25... Bxf4 $2 26. Qxf4 Kh8 27. Ne7 $19) (25... Bd8 $19 {Strongly threatening ...Nc6.} 26. c4 g5) 26. Nb6 $17 Qb7 27. Qf3 $2 (27. Rxc5 Nd8+ 28. Kg3 (28. Kg1 $2 Ne6 $19)) 27... Bxf4 $19 28. Rxc5 {[%emt 0:00:12] [#]} Nxa5 (28... Nd8 $1 $19 {has better winning chances.} 29. Qd5+ Kh8 30. Qxb7 Nxb7) 29. Qd5+ $2 (29. Nd5 $17 {was the crucial defense.} Bd6 30. Rxa5) 29... Qxd5+ 30. Nxd5 Nb7 31. Rc6 Bd6 32. Rxa6 g5 33. Rb6 Rf7 34. Rb5 f4 35. Kf3 Kg7 36. h3 h5 37. d4 Kg6 38. c4 bxc3 39. bxc3 g4+ 40. hxg4 hxg4+ 41. Kxg4 f3 42. Ne3 {[%emt 0:00:35] [#]} f2 $2 (42... Rf4+ $1 $19 43. Kh3 Nd8) 43. Rg5+ $11 {[%emt 0:01:26] The position is equal.} Kh7 44. Rh5+ Kg8 45. Rg5+ $1 Kf8 {[%emt 0:00:04] White must now prevent ...Bf4.} 46. Rf5 {[%emt 0:00:19] Against Bf4} Rxf5 47. Kxf5 Ke7 48. Kg4 Bh2 {[%emt 0:01:18] Black had all chances to win.  Weighted Error Value: White=0.37/Black=0.25 (precise)} 1/2-1/2

[Event "IX Famalicao Open 2022"]
[Site "Vila Nova de Famalicao"]
[Date "2022.07.29"]
[Round "8.1"]
[White "Krishna C R G"]
[Black "Aditya Mittal"]
[Result "1-0"]
[ECO "A15"]
[WhiteElo "2430"]
[BlackElo "2480"]
[Annotator "TA"]
[PlyCount "131"]
[EventDate "2022.07.25"]
[EventType "tourn"]
[EventCountry "POR"]
[SourceTitle "playchess.com"]
[Source "ChessBase"]
[SourceQuality "1"]
[TimeControl "5400+30"]

1. c4 Nf6 2. e3 e6 3. b3 d5 4. Bb2 b6 5. Nc3 Bb7 6. cxd5 {A15: English Opening: 1...Nf6.} Be7 $2 (6... exd5 $11 7. Nf3 c6) 7. d4 $2 (7. dxe6 $16 fxe6 8. Nf3) 7... exd5 8. Bd3 {[#] The position is equal.} O-O $146 ({Predecessor:} 8... Nbd7 9. Nge2 O-O 10. Qc2 c5 11. O-O Rc8 12. Rad1 a6 13. dxc5 Rxc5 14. Ng3 b5 {1-0 (35) Peroza,E (1950)-Albiero,M (1559) Florianopolis 2021}) 9. Nf3 Re8 10. O-O Bd6 {Inhibits Ne5.} 11. Nb5 Bf8 12. Qc2 (12. Ne5 {feels hotter.} c5 13. Nc3 Nbd7 14. f4) 12... c6 13. Nc3 Nbd7 14. Rac1 Rc8 15. Rfd1 g6 16. Qe2 Bd6 17. Ba6 Qc7 18. Rc2 Qb8 19. Rdc1 b5 20. Bxb7 Qxb7 21. Nd2 Nb6 22. Qf3 Re6 23. g3 (23. Qd1 $14) 23... b4 24. Ne2 Ne4 25. Qg2 Qa6 26. Ba1 Qb5 (26... Nxd2 {feels stronger.} 27. Rxd2 Qb7) 27. Nf3 $11 Re7 28. Qf1 Rec7 29. Nf4 Qxf1+ 30. Kxf1 Bxf4 31. gxf4 f6 $1 {Prevents Ne5.} 32. Ne1 a5 33. Nd3 Nd7 34. Bb2 Kf7 35. Ke2 Ke6 36. a3 ({Better is} 36. Ke1) 36... a4 $1 37. Nxb4 (37. bxa4 b3 38. Rc3 Nxc3+ 39. Rxc3 Rb8 $17) 37... axb3 38. Rxc6+ Rxc6 39. Nxc6 Nb6 $1 {And now ...Na4 would win.} 40. Na5 $1 Nc4 (40... Rb8 $5 41. Nc6 (41. Nxb3 $2 Nc4 $19) 41... Ra8 $15) 41. Nxc4 (41. Nxb3 $2 Rb8 42. Nc5+ (42. f5+ $2 Kxf5 43. Rc2 Rxb3 $19) 42... Nxc5 $19) 41... dxc4 {[%mdl 4096] Endgame KRB-KRN} (41... Rxc4 $11 42. f3 Rxc1 43. Bxc1 Nc3+ 44. Kd3 Na4) 42. f3 $16 Nd6 (42... c3 $16 {might work better.} 43. fxe4 cxb2) 43. e4 $18 f5 (43... Ke7 {was worth a try.} 44. Kd2 Kd7) 44. d5+ Kd7 45. e5 Nb5 {Hoping for ...c3.} 46. a4 c3 $2 (46... Nc7) 47. axb5 cxb2 {KR-KR} 48. Rb1 Rc5 49. Rxb2 Rxb5 50. d6 $2 (50. Ke3 $18) 50... Rb4 ({Black should try} 50... g5 $1 $14) 51. Ke3 Ke6 52. Kf2 $2 (52. Kd2 $1 $18) 52... h6 $11 53. h4 Kd7 $2 ({Don't do} 53... Rxf4 54. Rd2 Rxh4 55. Rd1 $16) (53... Rb7 $11) 54. Ke3 Ke6 55. Kf2 $2 (55. Kd2 $1 $18 ) 55... Kd7 $2 ({Don't take} 55... Rxf4 56. Rd2 Rxh4 57. Rd1 $16) (55... Rb7 $11 {and Black has nothing to worry.}) 56. Ke2 $1 $18 Ke6 {[#]} 57. Ke3 ({White must play} 57. Kd2 $1 $16 ) 57... Kd7 $2 {[%mdl 8192] [#]} (57... g5 $1 $11) 58. Kf2 $2 ({Only move:} 58. Kd2 $1 $18 {Threatens to win with Kc3.} Rd4+ 59. Kc3 Rxf4 60. Kxb3) 58... Ke6 $11 59. Rd2 {Strongly threatening d7.} Rb7 60. Kg3 b2 $2 (60... g5 $11 {and Black stays safe.} 61. hxg5 b2) 61. d7 $1 $18 b1=Q (61... Rxd7 $18 62. Rxb2 Kf7) 62. d8=Q {[%csl Ge5][%cal Rd8f6] White mates.} ({Inferior is} 62. Rd6+ Kf7 63. d8=Q Qg1+ 64. Kh3 Qh1+ 65. Kg3 Qg1+ 66. Kh3 Qh1+ 67. Kg3 Qg1+ $11) 62... Qg1+ 63. Rg2 Qe1+ 64. Kh2 g5 65. Rd2 Qxh4+ 66. Kg2 {Weighted Error Value: White=0.42/Black=0.73} 1-0

[Event "IX Famalicao Open 2022"]
[Site "Vila Nova de Famalicao"]
[Date "2022.07.29"]
[Round "8.2"]
[White "Abdisalimov, Abdimalik"]
[Black "Nigmatov, Ortik"]
[Result "1/2-1/2"]
[ECO "C67"]
[WhiteElo "2437"]
[BlackElo "2437"]
[Annotator "TA"]
[PlyCount "79"]
[EventDate "2022.07.25"]
[EventType "tourn"]
[EventCountry "POR"]
[SourceTitle "playchess.com"]
[Source "ChessBase"]
[SourceQuality "1"]
[TimeControl "5400+30"]

1. e4 e5 2. Nf3 Nc6 3. Bb5 Nf6 4. O-O Nxe4 5. Re1 Nd6 6. Nxe5 Nxe5 7. Rxe5+ Be7 8. Bf1 O-O 9. d4 Bf6 10. Re1 Re8 {[%emt 0:00:07] The position is equal. C67: Ruy Lopez: Berlin Defence: 4 0-0 Nxe4.} 11. Rxe8+ Nxe8 12. c3 d5 13. Bd3 g6 14. Bf4 Ng7 15. Nd2 Bf5 16. Nf3 c6 17. Bxf5 Nxf5 18. Qe2 Qe7 {[%emt 0:00:27] [#]} 19. Re1 $146 ({Predecessor:} 19. Qxe7 Bxe7 20. Re1 Bf8 21. Ne5 f6 22. Nd7 Kf7 23. Kf1 Be7 24. g4 {½-½ (38) Godbole,A (2178)-Nicolai,A (2059) Groningen 2017}) 19... Re8 20. Qxe7 Rxe7 21. Rxe7 Bxe7 $11 {[%emt 0:00:17][%mdl 4096] Endgame KBN-KBN} 22. h3 Bd6 23. Bxd6 Nxd6 {[%emt 0:00:03] KN-KN} 24. Nd2 f6 25. Kf1 Kf7 26. Ke2 Ke6 27. Kd3 h5 28. g4 hxg4 29. hxg4 g5 30. f3 b6 31. b3 Nf7 32. Nf1 f5 33. Ne3 f4 34. Nf1 Nh8 35. Nd2 Ng6 36. Ke2 Kd6 37. Nb1 Ne7 38. Na3 Ng6 39. Nc2 Nf8 40. Ne1 {[%emt 0:00:05] An even fight not without its subleties.  Weighted Error Value: White=0.02 (flawless) /Black=0.01 (flawless)} 1/2-1/2

[Event "IX Famalicao Open 2022"]
[Site "Vila Nova de Famalicao"]
[Date "2022.07.29"]
[Round "8.3"]
[White "Dias, Ivo Rodrigues"]
[Black "Martinez Duany, Lelys Stanley"]
[Result "0-1"]
[ECO "E46"]
[WhiteElo "2133"]
[BlackElo "2497"]
[Annotator "TA"]
[PlyCount "134"]
[EventDate "2022.07.25"]
[EventType "tourn"]
[EventCountry "POR"]
[SourceTitle "playchess.com"]
[Source "ChessBase"]
[SourceQuality "1"]
[TimeControl "5400+30"]

1. d4 Nf6 2. c4 e6 3. Nc3 Bb4 4. e3 O-O 5. Nge2 d5 6. a3 Be7 7. cxd5 exd5 8. Nf4 Re8 9. Bd3 c6 10. O-O Nbd7 11. f3 {[%emt 0:01:04] E46: Nimzo-Indian: Rubinstein: 4 e3 0-0 5 Ne2 without early Bd3.} Nf8 12. Bc2 Ne6 13. Nxe6 {[%emt 0:01:08] The position is equal.} Bxe6 14. e4 dxe4 15. fxe4 Qb6 16. Qd3 (16. Na4 $11 Qb5 17. e5) 16... Rad8 $15 {[%emt 0:08:16] [#]} 17. Be3 $146 (17. Ne2 $15 Bg4 18. Kh1 Bxe2 19. Qxe2) ({Predecessor:} 17. Ne2 Bd6 18. h3 Be5 19. Be3 c5 20. d5 Bd7 21. Rab1 Bb5 22. Qd2 Qc7 23. Kh1 {0-1 (42) Pritchard,O (2250)-Biedermann,T (2412) ICCF email 2012}) 17... Ng4 $19 (17... Qxb2 $2 18. Rfb1 Bc4 19. Qd2 (19. Rxb2 Bxd3 20. Bxd3 Ng4 $16) (19. Qxc4 Qxc2 20. Rc1 b5 $17) 19... Qxb1+ 20. Rxb1 $18) 18. e5 g6 19. Na4 Qb5 {[%emt 0:02:19] And now ...Qxd3 would win.} 20. Bf4 (20. Qc3 $142 Nxe3 21. Qxe3) 20... Qxd3 21. Bxd3 Rxd4 22. Bc2 g5 23. Bc1 Red8 (23... Nxe5 $2 24. Be3 Rc4 25. Nc3 $19) 24. Re1 $2 {[%emt 0:03:00] [#]} (24. h3 {might work better.} Nxe5 25. Be3) 24... Rxa4 $1 25. Bxa4 Bc5+ 26. Kh1 b5 27. Bc2 (27. Bxg5 Nf2+ 28. Kg1 Nh3+ 29. Kh1 Nf2+ 30. Kg1 Nh3+ 31. Kh1 Nxg5 $19) 27... Nf2+ 28. Kg1 Nd3+ {[%emt 0:00:33][%mdl 64] Discovered Attack} 29. Be3 {[%emt 0:00:45] Bxd3 is the strong threat.} Nxe1 30. Rxe1 Bxe3+ 31. Rxe3 {[%emt 0:00:02][%mdl 4096] Endgame KRB-KRB} Rd2 32. Be4 c5 (32... Rxb2 $2 33. Bxc6 a5 34. Rd3 $19) 33. Rc3 c4 ({Wrong is} 33... Rxb2 $2 34. Rxc5 a6 35. Rc3 $19) 34. Rc2 Rd4 35. Bc6 a6 36. Kf2 Kg7 37. Ke3 Rd3+ 38. Ke2 (38. Ke4 $142) 38... Kg6 39. a4 Rb3 40. Bb7 (40. axb5 {was called for.} axb5 41. Kd1) 40... Bf5 ({Don't go for} 40... bxa4 $2 41. Bc6 $19) 41. Rd2 Bd3+ (41... bxa4 $142 42. Bd5 Bg4+ 43. Ke1 Be6 44. Bxe6 fxe6) 42. Ke3 bxa4 43. Bd5 Bf5+ $1 44. Kd4 a3 $2 ({Not} 44... Rd3+ 45. Rxd3 cxd3 46. Ke3 $11) (44... Be6 $1 $19 {[%cal Re6d5] aiming for ...Bxd5.} 45. Bxe6 fxe6) 45. bxa3 $11 Rxa3 46. Bxc4 Kg7 47. Kc5 (47. Rf2 $5 Be6 48. Bxe6 fxe6 49. h3 $11) 47... a5 48. Kd6 (48. Rf2 $11 {remains equal.} Bg6 49. g3) 48... Rc3 49. Bd5 a4 ({Black should play} 49... Rc2 $15 50. Rd1 Rf2) 50. Rf2 $1 Bg6 51. Ke7 $2 {[%emt 0:00:26] White is now going downhill.} (51. Rb2 $1 $11) 51... a3 $19 {[%emt 0:00:34] White must now prevent ...Rc2.} 52. Ba2 $2 (52. h3 $17) 52... Rc7+ 53. Kd6 Rc2 54. Rxc2 Bxc2 {[%emt 0:00:06] KB-KB} 55. Ke7 $2 (55. Kc5 Be4 56. g4) 55... Bg6 {[%emt 0:02:04] Hoping for ...Bf5.} 56. g4 {[%emt 0:00:28] Prevents Bf5.} h5 57. gxh5 Bxh5 {[%emt 0:00:07] Black mates.} 58. Bb3 Bg6 59. Ba2 g4 60. Bb3 Bb1 61. Bxf7 a2 $1 62. Bxa2 Bxa2 {[%emt 0:00:05] KB-KPP} 63. e6 Kg6 64. Kd6 Kf6 65. e7 {[%emt 0:00:02] [#]} Bf7 $1 (65... Kf7 66. Kd7 Kf6 67. e8=Q Kf5 68. Qf8+ Ke5 69. Qd6+ Ke4 70. Qb4+ Kf3 71. Qa3+ Kf2 72. Qxa2+) 66. Kd7 {[%emt 0:00:10] [#]} Kg5 $1 67. Kd6 Kf4 {[%emt 0:01:21] Weighted Error Value: White=0.73/Black=0.28 (precise)} 0-1